 Dungeon Crawl Stone Soup version 0.32-a0-872-g59262bd (webtiles) character file.

Game seed: 3104987151121930929

816 lyrin the Cutter (level 7, 0/47 (49) HPs)
             Began as an Octopode Gladiator on Mar 30, 2024.
             Was an Initiate of Ru.
             Slain by a centaur (2 damage)
             ... on level 5 of the Dungeon.
             The game lasted 00:07:29 (4636 turns).

lyrin the Cutter (Octopode Gladiator)               Turns: 4636, Time: 00:07:30

HP:   0/47 (49)     AC:  1    Str: 13    XL:     7   Next: 94%
MP:   0/7           EV: 15    Int: 13    God:    Ru [......]
Gold: 251           SH:  0    Dex: 19    Spells: 6/6 levels left

rFire   + . .        A - +4 short sword
rCold   . . .        (no shield)
rNeg    . . .        b - +0 hat
rPois   .            z - amulet of guardian spirit
rElec   .            k - +6 ring of dexterity
rCorr   .            p - ring of protection from fire
SInv    .            (no ring)
Will    .....        (no ring)
Stlth   +++          (no ring)
HPRegen 0.27/turn    (no ring)
MPRegen 0.10/turn    (no ring)
                     (no ring)

%: guardian spirit
@: weak-willed, lightly drained
A: almost no armour, amphibious, 8 rings, camouflage 1, gelatinous body 1,
(nimble swimmer 1), tentacles
a: Renounce Religion


You were on level 5 of the Dungeon.
You worshipped Ru.
Ru was noncommittal.
You visited 2 branches of the dungeon, and saw 6 of its levels.
You also visited: Sewer.

You collected 251 gold pieces.

Inventory:

Hand Weapons
 a - a +0 rapier
 u - a +2 whip of electrocution
 A - a +4 short sword (weapon)
Missiles
 c - 3 throwing nets (quivered)
 d - a javelin
 y - a curare-tipped dart
Armour
 b - a +0 hat (worn)
Jewellery
 k - a +6 ring of dexterity (left tentacle)
 p - a ring of protection from fire (right tentacle)
 z - an amulet of guardian spirit (around mantle)
Scrolls
 g - 10 scrolls of identify {unknown}
 h - a scroll of teleportation {unknown}
 l - a scroll of noise
 m - 3 scrolls of fog
 q - a scroll of fear {unknown}
 r - a scroll of revelation {unknown}
 v - 2 scrolls of enchant armour {unknown}
Potions
 e - 7 potions of curing {unknown}
 f - 2 potions of degeneration {unknown}
 j - a potion of lignification {unknown}
 n - 2 potions of haste {unknown}
 s - 3 potions of heal wounds {unknown}
 t - a potion of attraction {unknown}
 w - a potion of magic {unknown}
 x - a potion of brilliance {unknown}


   Skills:
 + Level 4.4 Fighting
 + Level 6.7 Short Blades
 + Level 1.6 Maces & Flails
 + Level 2.4 Throwing
 + Level 4.8 Dodging


You had 6 spell levels left.
You didn't know any spells.
Your spell library was empty.

Dungeon Overview and Level Annotations

Branches:
Dungeon (5/15)             Temple (1/1) D:4           Sewer (visited)

Altars:
Cheibriados
Dithmenos
Elyvilon
Fedhas
Gozag
Kikubaaqudgha
Makhleb
Okawaru
Qazlal
Ru
Sif Muna
Trog
Vehumet
Xom
Yredelemnul
The Shining One

Annotations:
D:3 1 runed translucent door, Crazy Yiuf


Innate Abilities, Weirdness & Mutations

You cannot wear most types of armour.
You are amphibious.
You can wear up to eight rings at the same time.
Your skin changes colour to match your surroundings (Stealth+).
Your rubbery body absorbs attacks. (AC +1, EV +1)
((You are camouflaged when in or above water. (Stealth+)))
You have tentacles for arms and can constrict up to eight enemies at once.


Message History

The orc hits you from afar with a +0 trident.
* * * LOW HITPOINT WARNING * * *
Unknown command.
You aren't carrying any items that you can evoke.
Unknown command.
Okay, then.
Unknown command.
Okay, then.
You aren't carrying any items that you can evoke.
Unknown command.
You aren't carrying any items that you can evoke.
Unknown command.
Unknown command.
As you read the scroll labelled TOURAKALORCH, it dissolves into smoke.
It was a scroll of fog.
The centaur hits you but does no damage.
The centaur misses you. The wight barely misses you.
The orc hits you from afar with a +0 trident.
* * * LOW HITPOINT WARNING * * *
The centaur misses you. x2
As you read the scroll labelled GIPNECRINUA, it crumbles to dust.
A wave of despondency washes over your surroundings.
It was a scroll of vulnerability.
The centaur closely misses you.
The centaur kicks you but does no damage.
The wight closely misses you. The orc barely misses you.
The air fills with toxic fumes!
As you read the scroll labelled OLAGI NOTZYEL, it crumbles to dust.
It was a scroll of poison.
The centaur misses you. The centaur completely misses you.
The wight hits you from afar with a +3 spear!
* * * LOW HITPOINT WARNING * * *
You feel drained.
* * * LOW HITPOINT WARNING * * *
The orc barely misses you. The centaur misses you. The centaur kicks you.
* * * LOW HITPOINT WARNING * * *
As you read the scroll labelled VIVAQA KIUSOKH, it crumbles to dust.
You hear a loud clanging noise!
It was a scroll of noise.
The centaur hits you.
You die...
Ru respects your ultimate sacrifice.

#....##..# #.# #.#
#.######.# #.# #.#
#.# #.# #.# #.# #.#
#.# #.# #.# #.# #.#
#.# #.# #.# #.# #.#
#.# #.
#.#############.#
#..§§§§§§§§§§...#
#..oc@§§........#
§§§§.z§§§§§§§§§...#
§§§§###############
§§§ #


You could see a centaur (weak-willed), a wight (weak-willed) and an orc
(weak-willed).

Vanquished Creatures
  An ogre (D:5)
  2 kobold brigands (Sewer)
  2 brain worms (Sewer)
  A scorpion (D:5)
  A howler monkey (D:2)
  An orc priest (D:5)
  A hound (D:4)
  Terence (D:3)
  2 iguanas
  3 gnolls (D:2)
  5 river rats (Sewer)
  8 adders
  2 dart slugs
  4 ribbon worms
  3 orcs
  5 bats
  2 endoplasms
  2 giant cockroaches (D:1)
  7 goblins
  9 hobgoblins
  4 jackals (Sewer)
  7 quokkas
  8 ball pythons
  4 frilled lizards
  9 kobolds
  9 rats
  A spectral kobold (D:1)
104 creatures vanquished.

Notes
Turn   | Place    | Note
-------+----------+-------------------------------------------
     0 | D:1      | lyrin the Octopode Gladiator began the quest for the Orb.
     0 | D:1      | Reached XP level 1. HP: 14/14 MP: 1/1
   135 | D:1      | Reached XP level 2. HP: 19/19 MP: 2/2
   155 | D:1      | Found a faded altar of an unknown god.
   470 | D:2      | Noticed a howler monkey
   478 | D:2      | Killed a howler monkey
   479 | D:2      | Reached XP level 3. HP: 12/25 MP: 3/3
   479 | D:2      | Reached XP level 4. HP: 14/30 MP: 4/4
   966 | D:2      | Reached skill level 4 in Short Blades
  1602 | D:2      | Reached XP level 5. HP: 32/36 MP: 5/5
  1654 | D:3      | Noticed Terence
  1660 | D:3      | Killed Terence
  2583 | D:3      | Found a runed translucent door.
  2584 | D:3      | Noticed Crazy Yiuf
  2711 | D:4      | Reached skill level 5 in Short Blades
  2711 | D:4      | Reached XP level 6. HP: 37/42 MP: 6/6
  3029 | D:4      | Found a glowing drain.
  3038 | Sewer    | Entered a sewer
  3277 | Sewer    | Reached XP level 7. HP: 44/47 MP: 7/7
  3314 | Sewer    | Reached skill level 6 in Short Blades
  3742 | D:4      | Reached skill level 1 in Maces & Flails
  3866 | D:4      | Found a staircase to the Ecumenical Temple.
  3879 | Temple   | Entered the Ecumenical Temple
  3919 | Temple   | Became a worshipper of Ru the Awakened
  4321 | D:5      | Entered Level 5 of the Dungeon
  4635 | D:5      | HP: 2/47 [centaur (2)]
  4636 | D:5      | Slain by a centaur

Illustrated notes

Levels and vault maps discovered:
D:1:      amcnicky_arrival_blooded_trapdoor, layout_rooms,
          dreamdust_ecumenical_altar_drowned_temple
D:2:      layout_basic
D:3:      kb_forest_paths, layout_basic, uniq_crazy_yiuf_cottage, uniq_terence
D:4:      layout_cave_pods, minmay_temple_entry_stoned_glass,
          cheibrodos_sewer_entry_bend
D:5:      layout_basic, mainiacjoe_overflow_alcove_1, zin_statuary,
          serial_co_window_serial, co_window_paths_a, co_window_corner_a,
          co_window_paths_b, co_window_paths_b, co_window_paths_b,
          co_window_of_opportunity_a, co_window_paths_b, co_window_broadway_b,
          co_window_2corner, co_window_of_opportunity_b,
          co_window_unsneaky_path_a, co_window_unsneaky_path_b,
          co_window_broadway_a, co_window_corner_b, co_window_paths_e,
          co_window_paths_d, glass_columns_b, glass_columns_c
Temple:   nicolae_temple_x_marks_the_god

Skill      XL: |  1  2  3  4  5  6  7 |
---------------+----------------------+-----
Short Blades   | 4 5 6 |  6.7
Fighting       | 3 4 |  4.4
Dodging        | 4 |  4.8
Maces & Flails | 1 |  1.6
Throwing       | |  2.4

Action                     |  1- 3 |  4- 6 |  7- 9 || total
---------------------------+-------+-------+-------++-------
  Melee: Rapier            |    40 |   101 |     8 ||   149
         Constrict         |    10 |    42 |    20 ||    72
         Tentacles         |     9 |    21 |    16 ||    46
         Whip              |       |    20 |    42 ||    62
         Short sword       |       |       |    13 ||    13
    Use: Scroll            |       |       |     4 ||     4
   Stab: Sleeping          |     2 |    13 |     2 ||    17
         Distracted        |     1 |       |       ||     1
 Armour: Skin              |    21 |    47 |    27 ||    95
  Dodge: Dodged            |    38 |    67 |    48 ||   153

Table legend: (Time is in decaauts)
 A = Elapsed time spent in this place.
 B = Non-inter-level travel time spent in this place.
 C = Inter-level travel time spent in this place.
 D = Time resting spent in this place.
 E = Time spent auto-exploring this place.
 F = Levels seen in this place.
 G = Mean time per level.
                   A        B        C        D        E       F      G
               +--------+--------+--------+--------+--------+-----+--------+
         Total |   4632 |   4424 |    208 |    382 |   2793 |   7 |  661.7 |
       Dungeon |   3960 |   3759 |    201 |    382 |   2389 |   5 |  792.0 |
        Temple |     48 |     41 |      7 |      0 |      0 |   1 |   48.0 |
         Sewer |    623 |    623 |      0 |      0 |    404 |   1 |  623.0 |
               +--------+--------+--------+--------+--------+-----+--------+

Top non-repeatable levels by time:
     D:3: 1028 daAuts
     D:2: 975 daAuts
     D:4: 967 daAuts
     D:1: 681 daAuts
   Sewer: 623 daAuts
     D:5: 308 daAuts
  Temple: 48 daAuts
